 Dungeon Crawl Stone Soup version 0.28-a0-390-gb254ac4902 (webtiles) character file.

Game seed: 460272234830351297

28927 Spaninq the Grappler (level 13, -4/132 HPs)
             Began as a Troll Cinder Acolyte on Sept 3, 2021.
             Was a High Priest of Ignis.
             Slain by a five-headed hydra (6 damage)
             ... on level 3 of the Lair of Beasts.
             The game lasted 00:38:39 (12328 turns).

Spaninq the Grappler (Troll Cinder Acolyte)        Turns: 12328, Time: 00:38:40

Health: -4/132     AC: 11    Str: 32    XL:     13   Next: 12%
Magic:  0/13       EV:  9    Int: 10    God:    Ignis [*****.]
Gold:   702        SH:  0    Dex:  8    Spells: 14/14 levels left

rFire   + . .      SeeInvis .     - Unarmed
rCold   . . .      Faith    .   (no shield)
rNeg    . . .      Spirit   +   C - +0 acid dragon scales
rPois   +          Reflect  .   s - +0 hat
rElec   .          Harm     .   m - +1 cloak
rCorr   +          Rampage  .   (gloves unavailable)
Will    .....                   (boots unavailable)
Stlth   +.........              e - amulet of guardian spirit
HPRegen 1.32/turn               d - ring of poison resistance
MPRegen 0.13/turn               u - +6 ring of strength

@: about to teleport, studying Fighting
A: large, unfitting armour, claws 3, regeneration 1, shaggy fur 1, tough skin 1
a: Renounce Religion, Sea of Fire, Foxfire Swarm, Rising Flame


You were on level 3 of the Lair of Beasts.
You worshipped Ignis.
Ignis was extremely pleased with you.
You visited 3 branches of the dungeon, and saw 13 of its levels.
You also visited: Sewer and Gauntlet.

You collected 702 gold pieces.

Inventory:

Hand Weapons
 a - a +0 falchion of flaming
Missiles
 i - 2 boomerangs (quivered)
 n - 7 large rocks
 y - 113 poisoned darts
 H - 5 throwing nets
 P - 5 silver javelins
Armour
 g - a +0 troll leather armour
 m - a +1 cloak (worn)
 q - a +2 robe of resistance
 s - a +0 hat (worn)
 z - a +0 tower shield
 C - +0 acid dragon scales (worn)
Jewellery
 d - a ring of poison resistance (left claw)
 e - an amulet of guardian spirit (around neck)
 r - a ring of resist corrosion
 u - a +6 ring of strength (right claw)
 D - a ring of ice
 G - a +4 ring of evasion
 O - the ring of Teajek {MP+9 Int+4}
   (You took it off a minotaur in a Gauntlet)

   [ring of magical power]

   Int:       It affects your intelligence (+4).
   MP:        It affects your magic capacity (+9).
 Q - a ring of ice
Wands
 l - a wand of flame (32)
 w - a wand of mindburst (18)
 A - a wand of iceblast (15)
 F - a wand of acid (3)
 S - a wand of digging (3)
 U - a wand of polymorph (4)
Scrolls
 t - 2 scrolls of magic mapping
 B - 2 scrolls of teleportation
 E - a scroll of enchant armour
 I - a scroll of amnesia
 M - a scroll of fear
Potions
 b - 2 potions of degeneration
 c - 4 potions of lignification
 f - 3 potions of brilliance
 h - 4 potions of attraction
 j - 2 potions of cancellation
 k - a potion of ambrosia
 o - 2 potions of might
 v - 3 potions of flight
 x - 3 potions of haste
 J - a potion of invisibility
Miscellaneous
 R - a condenser vane


   Skills:
 + Level 9.6 Fighting
 - Level 2.4 Long Blades
 + Level 8.5 Throwing
 - Level 6.0 Armour
 - Level 2.3 Dodging
 + Level 5.0 Shields
 * Level 14.1 Unarmed Combat
 - Level 1.0 Spellcasting
 - Level 2.1 Fire Magic


You had 14 spell levels left.
You didn't know any spells.
Your spell library contained the following spells:

 Spells                   Type           Power      Damage    Failure   Level
 Scorch                   Fire           8%         2d5       24%         2
 Static Discharge         Conj/Air       0%         N/A       52%         2
 Summon Guardian Golem    Hex/Summ       0%         N/A       75%         3
 Sticky Flame             Conj/Fire      2%         2d3       94%         4
 Dispel Undead            Necr           0%         3d6       98%         4
 Lightning Bolt           Conj/Air       0%         1d11      100%        5
 Orb of Destruction       Conj           0%         N/A       100%        7
 Spellforged Servitor     Conj/Summ      0%         N/A       100%        7
 Maxwell's Capacitive Co  Air            0%         ∞         100%        8


Dungeon Overview and Level Annotations

Branches:
Dungeon (9/15)             Temple (1/1) D:4            Lair (3/6) D:9
 Spider (0/4) Lair:2        Sewer (visited)         Gauntlet (visited)
  Swamp: Lair:2-4    Shoals: Lair:2-4       Orc: D:9-12

Altars:
Ashenzari
Dithmenos
Elyvilon
Fedhas
Gozag
Kikubaaqudgha
Makhleb
Nemelex Xobeh
Okawaru
Qazlal
Ru
Sif Muna
Trog
Uskayaw
Vehumet
Wu Jian
Xom
Yredelemnul
Zin
The Shining One

Annotations:
Lair:1 2 transporters, Kup Begud's ghost, journeyman GrFi


Innate Abilities, Weirdness & Mutations

You are too large for most types of armour.
You have claws for hands.
Your natural rate of healing is unusually fast.
You are covered in fur. (AC +1)
You have tough skin. (AC +1)


Message History

The five-headed hydra bites you. x3
The five-headed hydra closely misses you. x2
The wolf barely misses you. The wolf bites you but does no damage.
Unknown command.
As you read the scroll of teleportation, it crumbles to dust.
You feel strangely unstable. The wolf barely misses you. The yak gores you!
The wolf bites you. x2; The five-headed hydra bites you.
The five-headed hydra barely misses you.
The five-headed hydra bites you but does no damage.
The five-headed hydra barely misses you.
The five-headed hydra bites you. The wolf bites you but does no damage.
You feel much better. The wolf bites you. The wolf barely misses you. x2
The yak completely misses you. The five-headed hydra bites you!
The five-headed hydra bites you. x2; The five-headed hydra bites you!
* * * LOW HITPOINT WARNING * * *
The five-headed hydra barely misses you.
The wolf closely misses you. The wolf bites you but does no damage.
The wolf misses you.
Okay, then.
Your acid dragon scales prevents you from hitting the wolf.
The wolf bites you but does no damage. The wolf barely misses you.
The yak barely misses you. The wolf closely misses you.
The five-headed hydra barely misses you.
The five-headed hydra bites you.
* * * LOW HITPOINT WARNING * * *
The five-headed hydra bites you.
* * * LOW HITPOINT WARNING * * *
The five-headed hydra bites you but does no damage. x2
You barely miss the wolf. The wolf bites you but does no damage.
The wolf misses you. The wolf bites you.
* * * LOW HITPOINT WARNING * * *
The yak gores you!
* * * LOW HITPOINT WARNING * * *
The wolf bites you.
* * * LOW HITPOINT WARNING * * *
The wolf bites you!
* * * LOW HITPOINT WARNING * * *
The five-headed hydra bites you but does no damage. x2
The five-headed hydra misses you. The five-headed hydra bites you.
You die...

### #.### ######..## #...†.Y..#
##.#P#..## ##.###†## #hDY#.YY##
### #### ##@#.....## ##
##P###..## ####hh......###..#
#........###P#.YY.....†#....##.
#.####.#.......................
##.# ####..#.#.P.......$.......
#..## ####.####.....P....P##.
#...# ####≈#......##..##
##.##### #####≈≈≈#.....## ..P#
#.#P..###..#≈≈# #.#.... ..##


You could see a five-headed hydra, 3 yaks and 3 wolves.

Vanquished Creatures
  Gastronok (Lair:2)
  A quicksilver ooze (Gauntlet)
  A dire elephant (Gauntlet)
  A minotaur (Gauntlet)
  Fannar (Lair:2)
  Harold (D:7)
  A boulder beetle (Lair:2)
  3 hydras
  Joseph (Lair:1)
  3 elephants (Gauntlet)
  A black mamba (Lair:2)
  An apocalypse crab (Gauntlet)
  Maggie (D:7)
  4 cane toads
  A minotaur zombie (Gauntlet)
  5 komodo dragons
  2 rime drakes
  2 trolls
  2 jumping spiders (Lair:2)
  Grinder (D:6)
  15 blink frogs
  2 hornets (Gauntlet)
  Prince Ribbit (D:9)
  A redback (Lair:2)
  3 shadows (Gauntlet)
  Sigmund (D:6)
  19 yaks
  Eustachio (D:6)
  Grum (Lair:1)
  4 steam dragons
  An acid dragon (D:9)
  An orc warrior (D:7)
  11 water moccasins
  5 ice beasts
  A sky beast (D:8)
  A necrophage (D:6)
  A black bear (D:6)
  A hornet zombie (D:7)
  8 wolves
  An ogre (D:5)
  2 centaurs
  3 kobold brigands
  Blork the orc (D:4)
  A gnoll sergeant (D:4)
  4 bullfrogs
  6 scorpions
  2 water moccasin skeletons
  6 howler monkeys
  10 wights
  4 electric eels
  6 crimson imps (D:7)
  2 bullfrog zombies
  3 bullfrog skeletons (D:6)
  7 orc priests
  A centaur skeleton (D:5)
  9 hounds
  A jelly (D:7)
  4 iguanas
  7 orc wizards
  A killer bee zombie (D:9)
  A hound skeleton (D:4)
  Robin (D:4)
  6 gnolls
  11 adders
  4 white imps (D:7)
  2 worms
  3 dart slugs
  30 orcs
  10 bats
  12 endoplasms
  5 giant cockroaches
  18 goblins
  18 hobgoblins
  A jackal (D:3)
  21 kobolds
  7 quokkas
  10 ball pythons
  10 frilled lizards
  6 rats
369 creatures vanquished.

Vanquished Creatures (others)
  4 demonic plants (D:3)
  11 fungi
  39 plants
  A withered plant (D:3)
55 creatures vanquished.

Grand Total: 424 creatures vanquished

Notes
Turn   | Place    | Note
-------+----------+-------------------------------------------
     0 | D:1      | Spaninq the Troll Cinder Acolyte began the quest for the
                  | Orb.
     0 | D:1      | Reached XP level 1. HP: 22/22 MP: 1/1
    69 | D:1      | Reached skill level 1 in Unarmed Combat
    69 | D:1      | Reached XP level 2. HP: 29/29 MP: 2/2
   584 | D:1      | Reached XP level 3. HP: 36/36 MP: 3/3
   841 | D:2      | Reached skill level 1 in Armour
   907 | D:2      | Reached skill level 2 in Unarmed Combat
  1681 | D:3      | Reached XP level 4. HP: 43/44 MP: 4/4
  1699 | D:3      | Found a faded altar of an unknown god.
  1721 | D:3      | Reached skill level 3 in Unarmed Combat
  1974 | D:3      | Reached XP level 5. HP: 41/53 MP: 5/5
  2063 | D:3      | Found a glowing drain.
  2068 | Sewer    | Entered a sewer
  2275 | Sewer    | Reached skill level 4 in Unarmed Combat
  2282 | Sewer    | Reached XP level 6. HP: 5/62 MP: 6/6
  2732 | D:3      | Found a glowing golden altar of the Shining One.
  2733 | D:3      | Found a radiant altar of Vehumet.
  3303 | D:4      | Found a staircase to the Ecumenical Temple.
  3312 | Temple   | Entered the Ecumenical Temple
  3575 | D:4      | Noticed Robin
  3603 | D:4      | Killed Robin
  3699 | D:4      | Reached skill level 5 in Unarmed Combat
  4013 | D:4      | Reached skill level 1 in Dodging
  4013 | D:4      | Reached XP level 7. HP: 41/70 MP: 7/7
  4116 | D:4      | Noticed Blork the orc
  4132 | D:4      | Killed Blork the orc
  4210 | D:4      | Found a glowing silver altar of Zin.
  4211 | D:4      | Found a broken altar of Ashenzari.
  4309 | D:5      | Entered Level 5 of the Dungeon
  4456 | D:5      | Reached skill level 6 in Unarmed Combat
  5050 | D:5      | Reached XP level 8. HP: 79/79 MP: 8/8
  5271 | D:6      | Reached skill level 1 in Throwing
  5275 | D:6      | Noticed Grinder
  5295 | D:5      | Reached skill level 1 in Shields
  5295 | D:5      | Reached skill level 7 in Unarmed Combat
  5344 | D:6      | Killed Grinder
  5345 | D:6      | Reached skill level 5 in Fighting
  5535 | D:6      | Reached skill level 8 in Unarmed Combat
  5543 | D:6      | Noticed Sigmund
  5568 | D:6      | Killed Sigmund
  5569 | D:6      | Reached XP level 9. HP: 66/88 MP: 6/9
  5711 | D:6      | Found a shimmering blue altar of Sif Muna.
  5839 | D:6      | Noticed Eustachio
  5872 | D:6      | Killed Eustachio
  5918 | D:6      | Noticed a troll
  5925 | D:6      | Killed a troll
  6289 | D:7      | Noticed Maggie
  6298 | D:7      | Killed Maggie
  6299 | D:7      | Reached skill level 9 in Unarmed Combat
  6632 | D:7      | Noticed Harold
  6645 | D:7      | Killed Harold
  6646 | D:7      | Reached XP level 10. HP: 90/100 MP: 8/10
  6799 | D:7      | Reached skill level 10 in Unarmed Combat
  7412 | D:8      | Found an iron altar of Okawaru.
  7508 | D:8      | Reached skill level 5 in Throwing
  8028 | D:9      | Found an opulent altar of Gozag.
  8345 | D:9      | Found a staircase to the Lair.
  8358 | D:9      | Reached skill level 5 in Shields
  8358 | D:9      | Reached skill level 11 in Unarmed Combat
  8435 | D:9      | Found a stormy altar of Qazlal.
  8687 | D:9      | Noticed Prince Ribbit
  8692 | D:9      | Killed Prince Ribbit
  8841 | Lair:1   | Entered Level 1 of the Lair of Beasts
  8849 | Lair:1   | Noticed a black mamba
  8849 | Lair:1   | Noticed a moth of wrath
  8849 | Lair:1   | Noticed Kup Begud's ghost (journeyman GrFi)
  8850 | Lair:1   | Found a transporter.
  8858 | Lair:1   | Noticed a moth of wrath
  8871 | Lair:1   | Reached XP level 11. HP: 82/109 MP: 6/11
  8900 | Lair:1   | Found a gate leading to a gauntlet.
  8907 | Gauntlet | Entered a Gauntlet
  8907 | Gauntlet | Found a transporter.
  8954 | Gauntlet | Found a transporter.
  8955 | Gauntlet | Found a transporter.
  8963 | Gauntlet | Found a transporter.
  8966 | Gauntlet | Found a transporter.
  8967 | Gauntlet | Found a transporter.
  8976 | Gauntlet | Found a transporter.
  8979 | Gauntlet | Found a transporter.
  8980 | Gauntlet | Found a transporter.
  8988 | Gauntlet | Found a transporter.
  8988 | Gauntlet | Noticed a quicksilver ooze
  8991 | Gauntlet | Found a transporter.
  8992 | Gauntlet | Found a transporter.
  8997 | Gauntlet | Noticed a dire elephant
  9001 | Gauntlet | Found a transporter.
  9060 | Gauntlet | Found a transporter.
  9239 | Gauntlet | Paralysed by a hornet for 1 turns
  9343 | Gauntlet | Killed a quicksilver ooze
  9552 | Gauntlet | Killed a dire elephant
  9553 | Gauntlet | Reached skill level 12 in Unarmed Combat
  9650 | Gauntlet | Identified the ring of Teajek {MP+9 Int+4}
  9650 | Gauntlet | Noticed a minotaur
  9658 | Gauntlet | Killed a minotaur
  9804 | Lair:1   | Noticed Joseph
  9826 | Lair:1   | Killed Joseph
  9904 | Lair:1   | Found a transporter.
  9962 | Lair:1   | Noticed Grum
  9962 | Lair:1   | Noticed a four-headed hydra
 10021 | D:9      | Killed a one-headed hydra
 10083 | D:9      | Reached XP level 12. HP: 115/119 MP: 12/12
 10158 | Lair:1   | Killed Grum
 10790 | Lair:1   | Noticed a four-headed hydra
 10813 | Lair:1   | Killed a one-headed hydra
 10814 | Lair:1   | Reached skill level 13 in Unarmed Combat
 11054 | Lair:1   | Reached skill level 5 in Armour
 11071 | Lair:2   | Noticed a six-headed hydra
 11084 | Lair:2   | Killed a one-headed hydra
 11085 | Lair:2   | Noticed Fannar
 11165 | Lair:2   | Killed Fannar
 11261 | Lair:2   | Identified a scroll of acquirement
 11261 | Lair:2   | Acquired a manual of Fighting
 11580 | Lair:2   | Noticed a boulder beetle
 11585 | Lair:2   | Killed a boulder beetle
 11875 | Lair:2   | Noticed Gastronok
 11886 | Lair:2   | Killed Gastronok
 11887 | Lair:2   | Reached skill level 14 in Unarmed Combat
 11887 | Lair:2   | Reached XP level 13. HP: 131/131 MP: 13/13
 12137 | Lair:2   | Found a hole to the Spider Nest.
 12328 | Lair:3   | HP: 2/132 [wolf (7)]
 12328 | Lair:3   | Slain by a five-headed hydra

Illustrated notes

Levels and vault maps discovered:
D:1:      minmay_arrival_doors, layout_basic, chequers_serial_rivers_micro_c,
          hangedman_decor_lopped, minmay_misc_feat_tower
D:2:      layout_basic, minmay_close_crescents
D:3:      layout_basic, mainiacjoe_overflow_divided_tiny, portal_sewer_entry_e,
          shapermc_ecumenical_altar_gd, minmay_joined_circles
D:4:      layout_basic, gammafunk_temple_overflow_pools,
          minmay_temple_entry_tees, uniq_blork_the_orc, uniq_robin
D:5:      cheibrodos_thug_alley, layout_basic, minmay_misc_feat_rugged,
          minmay_misc_feat_secret_circle
D:6:      layout_cave_pods, led_sif_book, grunt_ministairs_8, uniq_grinder,
          uniq_sigmund, uniq_eustachio
D:7:      layout_loops_cross, minmay_nine_imps, uniq_maggie, uniq_harold
D:8:      layout_loops_ring, okawaru_trees_2
D:9:      layout_roguey, nicolae_gozag_seed_capital, lemuel_round_altar,
          erik_lair_island, uniq_prince_ribbit1
Temple:   nicolae_temple_hex_pool
Lair:1:   layout_gridlike, gauntlet_entry_generic,
          gammafunk_ghost_berserking_beasts, uniq_grum, uniq_joseph
Lair:2:   layout_regular_city, spider_nest_entry_funnel_web,
          serial_bayou_lagoon_a, nzn_sisyphean_effort, grunt_megastairs_2,
          serial_bayou_shore_b, uniq_gastronok, uniq_fannar
Lair:3:   layout_loops_ring, chequers_serial_rivers_small_3

Skill      XL: |  1  2  3  4  5  6  7  8  9 10 11 12 |
---------------+-------------------------------------+-----
Unarmed Combat | 1 2 3 4 5 6 8 9 11 12 14 | 14.1
Armour         | 1 2 4 6 |  6.0
Fighting       | 3 4 5 6 7 8 9 |  9.6
Dodging        | 1 2 |  2.3
Throwing       | 2 4 5 7 8 |  8.5
Shields        | 2 4 5 |  5.0
Long Blades    | |  2.4
Spellcasting   | |  1.0
Fire Magic     | |  2.1

Action                   |  1- 3 |  4- 6 |  7- 9 | 10-12 | 13-15 || total
-------------------------+-------+-------+-------+-------+-------++-------
Melee: Unarmed           |   143 |   246 |   268 |   537 |    29 ||  1223
       Punch             |       |     1 |     7 |    47 |     3 ||    58
       Falchion          |       |       |       |    22 |       ||    22
Throw: Dart              |       |       |     4 |       |       ||     4
       Javelin           |       |       |       |     9 |       ||     9
       Boomerang         |       |       |       |    12 |       ||    12
  Use: Scroll            |       |     2 |     5 |    18 |     2 ||    27
       Potion            |       |     1 |       |     4 |     1 ||     6
 Stab: Distracted        |       |       |     1 |       |       ||     1
Armor: Robe              |    61 |    89 |   115 |       |       ||   265
       Troll leather arm |       |       |    13 |    51 |       ||    64
       Acid dragon scale |       |       |       |   109 |    29 ||   138
Dodge: Dodged            |    61 |   106 |   123 |   218 |    38 ||   546

Table legend: (Time is in decaauts)
 A = Elapsed time spent in this place.
 B = Non-inter-level travel time spent in this place.
 C = Inter-level travel time spent in this place.
 D = Time resting spent in this place.
 E = Time spent auto-exploring this place.
 F = Levels seen in this place.
 G = Mean time per level.
                   A        B        C        D        E       F      G
               +--------+--------+--------+--------+--------+-----+--------+
         Total |  12270 |  11623 |    647 |    937 |   7111 |  15 |  818.0 |
       Dungeon |   8472 |   7901 |    571 |    355 |   5316 |   9 |  941.3 |
        Temple |     92 |     73 |     19 |      0 |     62 |   1 |   92.0 |
          Lair |   2207 |   2150 |     57 |    213 |   1200 |   3 |  735.7 |
         Sewer |    681 |    681 |      0 |     48 |    322 |   1 |  681.0 |
      Gauntlet |    816 |    816 |      0 |    321 |    211 |   1 |  816.0 |
               +--------+--------+--------+--------+--------+-----+--------+

Top non-repeatable levels by time:
     D:9: 1234 daAuts
     D:3: 1130 daAuts
     D:6: 1065 daAuts
  Lair:2: 1062 daAuts
  Lair:1: 1014 daAuts
     D:5: 996 daAuts
     D:4: 961 daAuts
     D:2: 933 daAuts
     D:7: 878 daAuts
Gauntlet: 816 daAuts
   Sewer: 681 daAuts
     D:1: 667 daAuts
     D:8: 606 daAuts
  Lair:3: 130 daAuts
  Temple: 92 daAuts
